 Dungeon Crawl Stone Soup version 0.18.1-48-g4cf74bf (webtiles) character file.

132 WarriorsX the Skirmisher (level 5, -6/44 HPs)
             Began as a Human Fighter on July 26, 2016.
             Killed from afar by an orc wizard (11 damage)
             ... with a puff of frost
             ... on level 3 of the Dungeon.
             The game lasted 00:05:16 (1699 turns).

WarriorsX the Skirmisher (Human Fighter)            Turns: 1699, Time: 00:05:17

Health: -6/44      AC:  8    Str: 17    XL:     5   Next: 38%
Magic:  5/5        EV:  9    Int:  8    God:
Gold:   89         SH:  0    Dex: 13    Spells: 0 memorised, 4 levels left

rFire  . . .     SeeInvis .     a - +0 long sword
rCold  . . .     Gourm    .     b - +0 scale mail
rNeg   . . .     Faith    .     (no shield)
rPois  .         Spirit   .     (no helmet)
rElec  .         Dismiss  .     p - +1 cloak
rCorr  .         Reflect  .     (no gloves)
SustAt .         Harm     .     (no boots)
MR     .....                    (no amulet)
Stlth  ..........               (no ring)
                                (no ring)

@: not resistant to hostile enchantments, extremely unstealthy
A: no striking features
a: no special abilities


You were on level 3 of the Dungeon.
You were not hungry.

You visited 1 branch of the dungeon, and saw 3 of its levels.

You collected 89 gold pieces.

Inventory:

Hand Weapons
 a - a +0 long sword (weapon)
Armour
 b - a +0 scale mail (worn)
 c - a +0 shield
 p - a +1 cloak (worn)
Scrolls
 e - 3 scrolls of amnesia
 h - a scroll of enchant weapon {unknown}
 i - a scroll of identify {unknown}
 k - 2 scrolls of enchant armour {unknown}
 l - a scroll of noise {unknown}
 m - 3 scrolls of remove curse {unknown}
 r - a scroll of random uselessness {unknown}
Potions
 d - a potion of might
 g - a potion of berserk rage {unknown}
 j - 2 potions of curing {unknown}
 s - a potion of lignification {unknown}
Comestibles
 f - 2 bread rations
 n - a slice of pizza
 q - 2 meat rations


   Skills:
 - Level 5.3 Fighting
 + Level 2.6 Long Blades
 - Level 3.0 Armour
 - Level 0.2 Stealth
 - Level 3.0 Shields


You had 4 spell levels left.
You didn't know any spells.

Dungeon Overview and Level Annotations

Branches:
Dungeon (3/15)

Altars:


Message History

A puff of frost appears from out of thin air!
The puff of frost hits you!
You miss something.
You hear some strange, mumbled words.
A puff of frost appears from out of thin air!
The puff of frost hits you!
You barely miss something.
You hear some strange, mumbled words.
A puff of flame appears from out of thin air!
The puff of flame hits you!
You hear some strange, mumbled words.
A puff of flame appears from out of thin air!
The puff of flame hits you!
* * * LOW HITPOINT WARNING * * *
You miss something.
Something hits you but does no damage. x2
You closely miss something. Something hits you but does no damage.
You hear some strange, mumbled words.
A puff of frost appears from out of thin air!
The puff of frost hits you!
You die...

......## .
...#.. #### .
#.#.# #.. .#
#...# ####.##.#
#..## ..#.#..#
###.... #.....#
##...### ##...#
#..### # #.@).##
###.##
#..{.#..####.).#
#..####)##...###
..... #)...###
..... ######
..... .... ....


There were no monsters in sight!

Vanquished Creatures
  4 adders (D:2)
  An ooze (D:1)
  A worm (D:2)
  4 dart slugs
  2 giant geckos (D:1)
  7 orcs (D:3)
  4 giant cockroaches
  8 goblins
  6 hobgoblins
  3 jackals (D:2)
  6 kobolds
  2 quokkas (D:2)
  12 bats
  5 giant newts
  8 rats
73 creatures vanquished.

Notes
Turn   | Place    | Note
--------------------------------------------------------------
     0 | D:1      | WarriorsX the Human Fighter began the quest for the Orb.
     0 | D:1      | Reached XP level 1. HP: 18/18 MP: 1/1
   127 | D:1      | Reached XP level 2. HP: 24/24 MP: 2/2
   406 | D:1      | You fall through a shaft!
   410 | D:2      | Reached skill level 4 in Fighting
   410 | D:2      | Reached XP level 3. HP: 30/30 MP: 3/3
   453 | D:2      | Reached XP level 4. HP: 16/38 MP: 4/4
   807 | D:2      | Reached skill level 5 in Fighting
  1382 | D:1      | Reached XP level 5. HP: 38/44 MP: 5/5
  1699 | D:3      | Killed from afar by an orc wizard

Skill      XL: |  1  2  3  4 |
---------------+-------------+-----
Fighting       | 4 5 |  5.3
Long Blades    | |  2.6
Armour         | |  3.0
Stealth        | |  0.2
Shields        | |  3.0

Action                   |  1- 3 |  4- 6 || total
-------------------------+-------+-------++-------
Melee: Long sword        |    83 |   159 ||   242
  Use: Scroll            |       |     1 ||     1
  Eat: Chunk             |       |     3 ||     3
Armor: Scale mail        |    53 |   114 ||   167
Dodge: Dodged            |    51 |   112 ||   163
